 Dungeon Crawl Stone Soup version 0.23-a0-333-g006994f (webtiles) character file.

3 Gorice the Digger (level 1, -1/13 HPs)
             Began as a Gnoll Wanderer on Oct 17, 2018.
             Killed from afar by a dart slug (6 damage)
             ... with a slug dart
             ... on level 1 of the Dungeon.
             The game lasted 00:01:21 (99 turns).

Gorice the Digger (Gnoll Wanderer)                    Turns: 99, Time: 00:01:21

Health: -1/13      AC:  2    Str: 12    XL:     1   Next: 50%
Magic:  2/4        EV: 11    Int: 14    God:
Gold:   0          SH:  0    Dex: 16    Spells: 3/5 levels left

rFire    . . .     SeeInvis .   e - +0 dagger
rCold    . . .     Gourm    .   (no shield)
rNeg     . . .     Faith    .   d - +0 robe
rPois    .         Spirit   .   (no helmet)
rElec    .         Reflect  .   (no cloak)
rCorr    .         Harm     .   (no gloves)
MR       .....                  (no boots)
Stlth    ++........             (no amulet)
HPRegen  0.04/turn              (no ring)
MPRegen  0.09/turn              (no ring)

@: very slightly contaminated
A: distributed training, fangs 1, strong nose
a: no special abilities


You were on level 1 of the Dungeon.
You were not hungry.

You visited 1 branch of the dungeon, and saw 1 of its levels.

Inventory:

Hand Weapons
 e - a +0 dagger (weapon)
Armour
 d - a +0 robe (worn)
Potions
 b - a potion of degeneration {unknown}
Comestibles
 a - a chunk of flesh
 f - a ration


   Skills:
 + Level 0.0 Fighting
 + Level 0.0 Short Blades
 + Level 0.0 Long Blades
 + Level 0.0 Axes
 + Level 0.0 Maces & Flails
 + Level 0.0 Polearms
 + Level 0.0 Staves
 + Level 0.0 Slings
 + Level 0.0 Bows
 + Level 0.0 Crossbows
 + Level 2.3 Throwing
 + Level 0.0 Armour
 + Level 0.0 Dodging
 + Level 2.1 Stealth
 + Level 0.0 Shields
 + Level 0.0 Unarmed Combat
 + Level 2.6 Spellcasting
 + Level 0.0 Conjurations
 + Level 0.0 Hexes
 + Level 0.0 Charms
 + Level 1.9 Summonings
 + Level 0.0 Necromancy
 + Level 0.0 Translocations
 + Level 1.9 Transmutations
 + Level 0.0 Fire Magic
 + Level 3.6 Ice Magic
 + Level 0.0 Air Magic
 + Level 5.3 Earth Magic
 + Level 0.0 Poison Magic
 + Level 0.1 Invocations
 + Level 0.0 Evocations


You had 3 spell levels left.
You knew the following spells:

 Your Spells              Type           Power        Failure   Level  Hunger
a - Freeze                Ice            ##..         4%          1    #......
B - Summon Butterflies    Summ           #.......     10%         1    #......

Your spell library contained the following spells:

 Spells                   Type           Power        Failure   Level  Hunger
 Sandblast                Erth           ###...       2%          1    #......
 Passwall                 Tmut/Erth      ##......     8%          2    ###....
 Stone Arrow              Conj/Erth      #.....       22%         3    ###....
 Ozocubu's Armour         Chrm/Ice       #.......     30%         3    ###....
 Summon Guardian Golem    Hex/Summ       #.......     41%         3    ###....
 Petrify                  Tmut/Erth      ##......     45%         4    #####..
 Lee's Rapid Deconstruct  Erth           ###.......   56%         5    ######.


Dungeon Overview and Level Annotations

Branches:
Dungeon (1/15)

Altars:


Innate Abilities, Weirdness & Mutations

Your experience applies equally to all skills.
You have very sharp teeth.
Your uncanny sense of smell can sniff out nearby items.


Message History

Aiming: Freeze (safe; 4% risk of failure)
Press: ? - help, Shift-Dir - straight line, f/p - dart slug
Aim: a dart slug You freeze the dart slug.
The dart slug is moderately wounded.
The goblin shouts!
The dart slug bites you.
Damage: 1 (max 1)
You hit the dart slug but do no damage.
The dart slug is moderately wounded.
The dart slug closely misses you.
You hit the dart slug.
The dart slug is moderately wounded.
The goblin hits you with a +0 club.
The rat twitches its whiskers.
Damage: 3 (max 3)
A hobgoblin comes into view. It is wielding a +0 club.
The dart slug launches a dart at you. The slug dart hits you!
Damage: 1 (max 3)
You barely miss the goblin. Your bite misses the goblin.
The goblin hits you but does no damage.
You barely miss the goblin. You closely miss the goblin.
The goblin hits you but does no damage.
You barely miss the goblin. Your bite misses the goblin.
The goblin hits you with a +0 club.
* * * LOW HITPOINT WARNING * * *
Damage: 3 (max 3)
You hit the goblin.
You kill the goblin!
You hit the dart slug.
The dart slug is heavily wounded.
You hit the dart slug but do no damage.
The dart slug is heavily wounded.
The dart slug bites you.
* * * LOW HITPOINT WARNING * * *
Damage: 1 (max 3)
You completely miss the dart slug.
The dart slug is heavily wounded.
The dart slug completely misses you.
You hit the dart slug.
The dart slug is severely wounded.
You hit the dart slug but do no damage.
The dart slug is severely wounded.
The dart slug bites you but does no damage.
You hit the dart slug.
The dart slug is severely wounded.
The dart slug launches a dart at you. The slug dart hits you!
You die...

#.# #........
###.# #........
....####........
# #......###....
#(#.###..#....##
.. ∆#.)..# .#
#.##...###.#
#.....###..#
∆#..##..grw@.# #
∆#...##### #..##
....# ......#
#######


You could see a dart slug, a hobgoblin and a rat.

Vanquished Creatures
  A leopard gecko (D:1)
  A goblin (D:1)
  A kobold (D:1)
3 creatures vanquished.

Notes
Turn   | Place    | Note
-------+----------+-------------------------------------------
     0 | D:1      | Gorice the Gnoll Wanderer began the quest for the Orb.
     0 | D:1      | Gorice set off with: a +0 robe, a +0 dagger, a ration
     0 | D:1      | Reached XP level 1. HP: 13/13 MP: 4/4
     2 | D:1      | Learned a level 1 spell: Freeze
     4 | D:1      | Learned a level 1 spell: Summon Butterflies
    99 | D:1      | Killed from afar by a dart slug

Vault maps used:
D:1:      psy_arrival_fountain, minmay_heptomino_o4

Action                   || total
-------------------------++-------
Melee: Dagger            ||    15
 Cast: Freeze            ||     4
Armor: Robe              ||     3
Dodge: Dodged            ||     4

Table legend:
 A = Non-vault XP
 B = Vault XP
 C = Vault XP percentage of total XP
 D = Non-vault monster count
 E = Vault monster count
 F = Vault count percentage of total count
                 A         B        C        D         E       F
            +---------+---------+-------+---------+---------+-------
      Total |       4 |       1 |  20.0 |       2 |       1 |  33.3
            +---------+---------+-------+---------+---------+-------
        D:1 |       4 |       1 |  20.0 |       2 |       1 |  33.3
            +---------+---------+-------+---------+---------+-------

Table legend:
 A = Turns spent in this place as a percentage of turns spent in the entire game.
 B = Non-inter-level travel turns spent in this place as a percentage of non-inter-level travel turns spent in the entire game.
 C = Inter-level travel turns spent in this place as a percentage of turns spent in this place.
 D = Turns resting spent in this place as a percentage of non-inter-level travel turns spent in this place.
 E = Turns spent auto-exploring this place as a percentage of non-inter-level travel turns spent in this place.
 F = Non-inter-level travel turns spent in this place divided by the number of levels of this place that you've seen.
                   A       B       C       D       E      F
               +-------+-------+-------+-------+-------+----------------------
         Total | 100.0 | 100.0 |   0.0 |   0.0 |  42.4 |  99.0
       Dungeon | 100.0 | 100.0 |   0.0 |   0.0 |  42.4 |  99.0
               +-------+-------+-------+-------+-------+----------------------

Vault maps used:
D:1:      psy_arrival_fountain, minmay_heptomino_o4
